 Dungeon Crawl Stone Soup version 0.28-a0-1142-gc8569940dd (webtiles) character file.

Game seed: 12789687051498866026

2722 Peloso the Protected (level 9, -2/78 HPs)
             Began as a Minotaur Fighter on Dec 13, 2021.
             Was a Believer of Okawaru.
             Killed by divine providence
             ... invoked by an orc priest
              (11 damage)
             ... on level 8 of the Dungeon.
             The game lasted 00:11:08 (7898 turns).

Peloso the Protected (Minotaur Fighter)             Turns: 7898, Time: 00:11:08

Health: -2/78      AC: 13    Str: 22    XL:     9   Next: 39%
Magic:  8/8        EV: 10    Int:  5    God:    Okawaru [**....]
Gold:   381        SH:  6    Dex: 19    Spells: 8/8 levels left

rFire   . . .      SeeInvis .   a - +1 falchion (vorpal)
rCold   . . .      Faith    .   c - +0 buckler
rNeg    . . .      Spirit   .   p - +0 chain mail
rPois   .          Reflect  .   (helmet restricted)
rElec   .          Harm     .   (no cloak)
rCorr   .          Rampage  .   o - +0 pair of gloves
Will    .....                   (no boots)
Stlth   ..........              (no amulet)
HPRegen 0.23/turn               v - +6 ring of dexterity
MPRegen 0.11/turn               (no ring)

@: about to teleport
A: horns 2, retaliatory headbutt
a: Renounce Religion, Heroism


You were on level 8 of the Dungeon.
You worshipped Okawaru.
Okawaru was pleased with you.
You visited 2 branches of the dungeon, and saw 9 of its levels.
You also visited: Ossuary.

You collected 381 gold pieces.

Inventory:

Hand Weapons
 a - a +1 vorpal falchion (weapon)
 b - the +11 dagger of the Tooth {freeze, rPois}
   (You found it on level 4 of the Dungeon)

   It freezes those it strikes, dealing additional cold damage.
   It can also slow down cold-blooded creatures.
   rPois:     It protects you from poison.
Armour
 c - a +0 buckler (worn)
 o - a +0 pair of gloves (worn)
 p - a +0 chain mail (worn)
Jewellery
 s - an amulet of the acrobat
 u - a ring of fire
 v - a +6 ring of dexterity (left hand)
 A - a ring of magical power
 E - a ring of wizardry
Wands
 q - a wand of charming (28)
 r - a wand of iceblast (15)
 F - a wand of paralysis (7)
Scrolls
 g - a scroll of teleportation
 j - 2 scrolls of amnesia
 m - a scroll of vulnerability
 n - a scroll of acquirement
 x - 2 scrolls of identify
 y - a scroll of blinking
 z - a scroll of fog
 D - a scroll of enchant armour
 G - a scroll of immolation {unknown}
 H - a scroll of enchant weapon
Potions
 d - 4 potions of might
 e - 2 potions of resistance
 f - 2 potions of flight
 h - a potion of berserk rage {unknown}
 i - a potion of degeneration {unknown}
 k - a potion of curing
 l - a potion of attraction {unknown}
 t - 3 potions of haste {unknown}
 w - 2 potions of lignification {unknown}
 B - a potion of heal wounds {unknown}
 C - a potion of ambrosia {unknown}
 I - 2 potions of brilliance {unknown}


   Skills:
 + Level 6.5 Fighting
 + Level 5.0(6.7) Short Blades
 + Level 7.6(8.5) Long Blades
 + Level 9.9 Armour
 + Level 3.0 Dodging
 + Level 0.5 Stealth
 + Level 6.1 Shields


You had 8 spell levels left.
You didn't know any spells.
Your spell library was empty.

Dungeon Overview and Level Annotations

Branches:
Dungeon (8/15)             Temple (1/1) D:5         Ossuary (visited)
   Lair: D:8-11

Altars:
Cheibriados
Elyvilon
Fedhas
Kikubaaqudgha
Okawaru
Ru
Trog
Vehumet


Innate Abilities, Weirdness & Mutations

You have a pair of horns on your head.
You reflexively headbutt those who attack you in melee.


Message History

The orc misses you.
Unknown command.
You closely miss the orc priest.
The orc wizard points at you and mumbles some strange words.
You are confused.
The orc priest closely misses you. The orc hits you but does no damage.
Unknown command.
You hit the orc priest but do no damage.
You headbutt the orc priest.
The orc priest is heavily wounded.
The orc wizard gestures wildly while chanting.
The orc wizard flickers and vanishes!
The orc priest hits you but does no damage.
The orc hits you from afar with a +0 trident.
* * * LOW HITPOINT WARNING * * *
You feel better.
You hear some strange, mumbled words.
A magic dart appears from out of thin air!
The magic dart hits you but does no damage.
The orc priest hits you with a +0 club.
* * * LOW HITPOINT WARNING * * *
The orc hits you but does no damage.
As you read the scroll of teleportation, it crumbles to dust.
You feel strangely unstable. Something hits you but does no damage.
The orc priest barely misses you. The orc priest closely misses you.
The orc hits you from afar with a +0 trident.
* * * LOW HITPOINT WARNING * * *
Unknown command.
You hit the orc priest.
You headbutt the orc priest, but do no damage.
The orc priest is heavily wounded.
Something hits you but does no damage. You block the orc priest's attack. x2
You block the orc's attack.
Unknown command.
You closely miss the orc priest. Your headbutt misses the orc priest.
The orc priest is heavily wounded.
Something hits you but does no damage.
The orc priest invokes the aid of Beogh against you.
Beogh smites you!
You die...

..... ........ #...# #.....#
#####...#########.....##
....#.....#............#
...o#.....#............#
...o#.....#............#
o...'.....#............#
....#h....#....o.{.....# ####
....#.....#....o@......#....#
....#.....#...o........#....#
...####...##..###.....##....#
#### ##...##..###.....##....#
#......................#
#......................#
+......................#
#......................#
##....##.####....##....#


You could see 2 orc priests and an orc.

Vanquished Creatures
  2 wraiths (Ossuary)
  A wyvern (D:8)
  A steam dragon (D:6)
  An acid dragon (D:6)
  A black bear (D:6)
  A sky beast (D:7)
  A necrophage (D:6)
  An ogre (D:4)
  A phantom (D:6)
  2 bullfrogs (D:8)
  3 scorpions
  A water moccasin zombie (D:5)
  2 water moccasin skeletons
  5 killer bees (D:6)
  7 wights
  A howler monkey (D:8)
  A centaur zombie (D:7)
  3 hounds
  3 jellies
  2 orc priests (D:6)
  A centaur skeleton (D:5)
  A bullfrog skeleton (D:6)
  Ijyb (D:4)
  An orc wizard (D:4)
  A hound skeleton (D:4)
  A howler monkey zombie (D:7)
  5 gnolls
  7 adders
  A white imp (D:6)
  3 adder zombies (Ossuary)
  2 worms
  A dart slug (D:2)
  19 orcs
  7 ball pythons
  11 endoplasms
  3 giant cockroaches
  8 goblins
  3 hobgoblins
  8 jackals
  9 quokkas
  6 bats
  A frilled lizard (D:1)
  2 goblin zombies (D:5)
  2 hobgoblin skeletons (Ossuary)
  A hobgoblin zombie (Ossuary)
  6 kobolds
  2 orc skeletons (Ossuary)
  8 rats
161 creatures vanquished.

Notes
Turn   | Place    | Note
-------+----------+-------------------------------------------
     0 | D:1      | Peloso the Minotaur Fighter began the quest for the Orb.
     0 | D:1      | Reached XP level 1. HP: 19/19 MP: 0/0
   178 | D:1      | Reached XP level 2. HP: 27/27 MP: 1/1
   226 | D:1      | Found a faded altar of an unknown god.
   280 | D:1      | Reached skill level 4 in Armour
   436 | D:1      | Reached XP level 3. HP: 17/33 MP: 2/2
  1337 | D:2      | Reached XP level 4. HP: 37/40 MP: 3/3
  2279 | D:3      | Reached skill level 5 in Armour
  2915 | D:4      | Noticed Ijyb
  2923 | D:4      | Reached XP level 5. HP: 47/47 MP: 4/4
  2929 | D:4      | Killed Ijyb
  2996 | D:4      | Reached XP level 6. HP: 6/55 MP: 5/5
  3321 | D:4      | Reached skill level 5 in Long Blades
  3389 | D:4      | Identified the +11 dagger of the Tooth {freeze, rPois}
  3604 | D:4      | Reached skill level 5 in Fighting
  3697 | D:4      | Reached skill level 6 in Armour
  3697 | D:4      | Reached skill level 1 in Dodging
  3737 | D:4      | Reached skill level 1 in Short Blades
  3737 | D:4      | Reached XP level 7. HP: 52/61 MP: 6/6
  3881 | D:5      | Entered Level 5 of the Dungeon
  3926 | D:5      | Reached skill level 5 in Shields
  3955 | D:5      | Identified a scroll of acquirement
  3971 | D:5      | Found a sand-covered staircase.
  3978 | Ossuary  | Entered an ossuary
  4099 | Ossuary  | Noticed a wraith
  4099 | Ossuary  | Noticed a flying skull
  4124 | Ossuary  | Noticed a flying skull
  4129 | Ossuary  | Noticed a wraith
  4136 | Ossuary  | Killed a wraith
  4137 | Ossuary  | Reached skill level 7 in Armour
  4144 | Ossuary  | Noticed a flying skull
  4262 | Ossuary  | Noticed a wraith
  4269 | Ossuary  | Killed a wraith
  4270 | Ossuary  | Reached XP level 8. HP: 52/68 MP: 7/7
  4270 | Ossuary  | Noticed a flying skull
  4826 | D:5      | Found a staircase to the Ecumenical Temple.
  4835 | Temple   | Entered the Ecumenical Temple
  4901 | Temple   | Became a worshipper of Warmaster Okawaru
  4996 | D:6      | Reached skill level 8 in Armour
  5568 | D:6      | Reached * piety under Okawaru
  6195 | D:6      | Reached skill level 9 in Armour
  6195 | D:6      | Reached XP level 9. HP: 62/75 MP: 8/8
  6302 | D:6      | Reached skill level 5 in Short Blades
  7128 | D:7      | Reached ** piety under Okawaru
  7894 | D:8      | HP: 3/78 [orc (4)]
  7898 | D:8      | Killed from afar by an orc priest

Illustrated notes

Levels and vault maps discovered:
D:1:      matt_arrival_refuge, layout_basic,
          shapermc_ecumenical_altar_totnotflames, minmay_indecisive_spiral
D:2:      layout_basic
D:3:      layout_loops_cross, corexii_corridor_pit, grunt_ministairs_14,
          chequers_hall_statues_wall_a, minmay_misc_feat_x,
          chequers_serial_rivers_room_b
D:4:      layout_basic, uniq_ijyb
D:5:      layout_loops_ring, lemuel_temple_firewalk_a, enter_ossuary_4
D:6:      layout_basic, minmay_small_thing
D:7:      layout_rooms, nicolae_underground_beach
D:8:      layout_gridville, nicolae_overflow_hallway_of_the_gods, serial_shops,
          nicolae_shop_statue_plus, patterned_corridor, uniq_prince_ribbit1
Temple:   dshaligram_water_room_temple

Skill      XL: |  1  2  3  4  5  6  7  8  9 |
---------------+----------------------------+-----
Armour         | 4 5 6 7 9 |  9.9
Fighting       | 4 5 6 |  6.5
Shields        | 4 5 6 |  6.1
Long Blades    | 3 4 5 6 7 |  7.6
Dodging        | 1 2 3 |  3.0
Short Blades   | 1 3 4 5 |  5.0
Stealth        | |  0.5

Action                   |  1- 3 |  4- 6 |  7- 9 || total
-------------------------+-------+-------+-------++-------
Melee: Long sword        |    78 |    90 |       ||   168
       Headbutt          |     9 |    27 |    64 ||   100
       Falchion          |       |    34 |   123 ||   157
       Dagger            |       |    33 |    86 ||   119
  Use: Scroll            |       |       |    11 ||    11
       Potion            |       |       |     3 ||     3
 Stab: Distracted        |     1 |       |       ||     1
Armor: Scale mail        |    25 |    26 |       ||    51
       Chain mail        |       |    45 |    94 ||   139
Dodge: Dodged            |    35 |    62 |    61 ||   158
Block: Buckler           |    18 |    43 |    46 ||   107

Table legend: (Time is in decaauts)
 A = Elapsed time spent in this place.
 B = Non-inter-level travel time spent in this place.
 C = Inter-level travel time spent in this place.
 D = Time resting spent in this place.
 E = Time spent auto-exploring this place.
 F = Levels seen in this place.
 G = Mean time per level.
                   A        B        C        D        E       F      G
               +--------+--------+--------+--------+--------+-----+--------+
         Total |   7911 |   7399 |    512 |    382 |   5506 |  10 |  791.1 |
       Dungeon |   7441 |   6929 |    512 |    285 |   5410 |   8 |  930.1 |
        Temple |     86 |     86 |      0 |      0 |     38 |   1 |   86.0 |
       Ossuary |    383 |    383 |      0 |     97 |     58 |   1 |  383.0 |
               +--------+--------+--------+--------+--------+-----+--------+

Top non-repeatable levels by time:
     D:6: 1860 daAuts
     D:3: 1370 daAuts
     D:1: 1150 daAuts
     D:4: 716 daAuts
     D:7: 711 daAuts
     D:2: 682 daAuts
     D:5: 609 daAuts
 Ossuary: 383 daAuts
     D:8: 340 daAuts
  Temple: 86 daAuts
